 Dungeon Crawl Stone Soup version 0.30-a0-4-ga7cffc901d (webtiles) character file.

Game seed: 2161747966059318183

4959 drpainis the Covert (level 10, -6/41 HPs)
             Began as a Spriggan Enchanter on Aug 20, 2022.
             Was a Priest of Hepliaklqana.
             Engulfed by their own flame (21 damage)
             ... on level 1 of the Lair of Beasts.
             The game lasted 00:23:15 (17563 turns).

drpainis the Covert (Spriggan Enchanter)           Turns: 17563, Time: 00:23:16

Health: -6/41      AC:  3    Str:  4    XL:     10   Next: 28%
Magic:  24/25      EV: 20    Int: 27    God:    Hepliaklqana [***...]
Gold:   27         SH:  0    Dex: 21    Spells: 12/29 levels left

rFire   . . .      SeeInvis +    u - +4 dagger "Morg" {pain, Will+ Int+5}
rCold   . . .      Faith    .    (no shield)
rNeg    . . .      Spirit   .    b - +0 robe
rPois   +          Reflect  .    (helmet restricted)
rElec   .          Harm     .    N - +0 cloak
rCorr   .          Rampage  .    (gloves unavailable)
Will    ++...                    (boots unavailable)
Stlth   +++++.....               C - amulet of magic regeneration
HPRegen 0.13/turn                P - ring of poison resistance
MPRegen 0.59/turn                x - +6 ring of dexterity

@: marked, very quick
A: reduced essence, very small, no large weapons, unfitting armour, see
invisible, speed 3
a: Renounce Religion, Recall Ancestor, Ancestor Identity, Transference


You were on level 1 of the Lair of Beasts.
You worshipped Hepliaklqana.
Hepliaklqana was most pleased with you.
You visited 2 branches of the dungeon, and saw 9 of its levels.

You collected 327 gold pieces.
You spent 300 gold pieces at shops.

Inventory:

Hand Weapons
 a - a +1 dagger
 j - a +1 dagger of draining
 u - the +4 dagger "Morg" (weapon) {pain, Will+ Int+5}
   (You took it off a hobgoblin on level 3 of the Dungeon)

   In the hands of one skilled in necromantic magic, it inflicts extra damage on
   living creatures.
   Int:       It affects your intelligence (+5).
   Will:      It increases your willpower.
Missiles
 v - 19 poisoned darts (quivered)
Armour
 b - a +0 robe (worn)
 N - a +0 cloak (worn)
Jewellery
 e - a ring of protection from cold
 g - an amulet of faith
 s - a ring of protection from cold
 w - a +6 ring of strength
 x - a +6 ring of dexterity (right hand)
 B - an amulet of faith
 C - an amulet of magic regeneration (around neck)
 O - an amulet of guardian spirit
 P - a ring of poison resistance (left hand)
Wands
 r - a wand of digging (4)
 D - a wand of flame (12)
 G - a wand of quicksilver (14)
Scrolls
 i - a scroll of fear {unknown}
 l - a scroll of magic mapping {unknown}
 n - a scroll of vulnerability {unknown}
 o - a scroll of torment {unknown}
 p - a scroll of silence {unknown}
 q - 2 scrolls of butterflies {unknown}
 t - 2 scrolls of amnesia {unknown}
 y - 2 scrolls of teleportation {unknown}
 E - 3 scrolls of immolation
 K - a scroll of enchant weapon {unknown}
 L - a scroll of enchant armour {unknown}
Potions
 c - 2 potions of invisibility
 d - 2 potions of might {unknown}
 f - 3 potions of lignification
 h - 4 potions of curing
 k - a potion of magic {unknown}
 m - 3 potions of berserk rage
 z - 2 potions of mutation {unknown}
 F - 2 potions of heal wounds {unknown}
 H - a potion of resistance {unknown}
 J - a potion of brilliance {unknown}


   Skills:
 + Level 1.9 Fighting
 + Level 4.8 Short Blades
 + Level 4.5 Dodging
 + Level 11.8 Stealth
 + Level 10.4 Spellcasting
 + Level 1.0 Conjurations
 + Level 7.9 Hexes
 + Level 2.4 Summonings
 + Level 4.1 Ice Magic


You had 12 spell levels left.
You knew the following spells:

 Your Spells              Type           Power      Damage    Failure   Level
a - Ensorcelled Hibernat  Hex/Ice        92%        N/A       1%          2
b - Confusing Touch       Hex            54%        N/A       1%          3
c - Tukima's Dance        Hex            54%        N/A       1%          3
d - Dazzling Flash        Conj/Hex       76%        N/A       1%          3
e - Summon Guardian Gole  Hex/Summ       42%        N/A       1%          3
f - Call Canine Familiar  Summ           27%        N/A       4%          3

Your spell library contained the following spells:

 Spells                   Type           Power      Damage    Failure   Level
 Summon Small Mammal      Summ           100%       N/A       1%          1
 Yara's Violent Unravell  Hex/Tmut       17%        3d8       22%         5
 Olgreb's Toxic Radiance  Pois           14%        N/A       38%         4
 Passage of Golubria      Tloc           14%        N/A       38%         4
 Ozocubu's Refrigeration  Ice            18%        4d11      100%        7
 Ignition                 Fire           7%         3d4       100%        8


Dungeon Overview and Level Annotations

Branches:
Dungeon (8/15)             Temple (0/1) D:7            Lair (1/5) D:8

Altars:
Ashenzari
Fedhas
Hepliaklqana
Nemelex Xobeh
Qazlal
Ru
Vehumet
Wu Jian
Xom
Yredelemnul
The Shining One

Shops:
D:7 =   D:8 ::


Innate Abilities, Weirdness & Mutations

Your life essence is reduced to manifest your ancestor. (-10% HP)
You are very small and have problems with some larger weapons.
You are too small for most types of armour.
You have supernaturally acute eyesight. (SInv)
You cover ground extremely quickly. (Speed+++)


Message History

Casting: Summon Guardian Golem (safe; 1% risk of failure)
Confirm with . or Enter, or press ? or * to list all spells.
You can't see any susceptible monsters within range! (Use Z to cast anyway.)
Casting: Summon Guardian Golem (safe; 1% risk of failure)
Confirm with . or Enter, or press ? or * to list all spells.
Your hound bites the yak.
The yak gores your guardian golem.
Your hound bites the yak.
The yak gores your hound! The yak gores your guardian golem. x2
Based hits the yak with a +0 flail!
Your hound barely misses the yak.
A bullfrog comes into view.
Your hound barely misses the yak.
The yak gores your guardian golem.
The yak gores your hound but does no damage.
The yak gores your guardian golem but does no damage.
Based hits the yak with a +0 flail.
Your hound bites the yak but does no damage.
A bullfrog comes into view.
The yak closely misses your hound. The yak gores your guardian golem. x2
Based barely misses the yak.
Your hound barely misses the yak.
Your hound bites the yak.
The yak gores your guardian golem! The yak barely misses your hound.
The yak gores your guardian golem!
Based hits the yak with a +0 flail!
Your hound bites the yak.
Your guardian golem overheats!
The yak gores your hound! Flame seeps out of your guardian golem.
The yak gores your guardian golem.
Your guardian golem disappears in a puff of smoke!
Your guardian golem explodes!
The fiery explosion engulfs you!!
Ouch! That really hurt!
* * * LOW HITPOINT WARNING * * *
The fiery explosion engulfs the yak!!
The yak dies!
The fiery explosion engulfs your hound!!!
Your hound dies!
Your hound's corpse disappears in a puff of smoke!
The fiery explosion engulfs Based!
Based resists.
The fiery explosion engulfs the yak!!
You feel better.
You are engulfed in blazing flames.
Ouch! That really hurt!
You die...

####.###......#
PP.#.#.....##.
.... #......#..
##. #P.....#..#
.. ##.....#..#
#.....##..
#......# .
#§§..#.##
...###@○RF...###
.......§§Y.......
........FY.......
.................
.................
..............!..
#P.###+...#...##.
... .#..#...>.
..#..#......


You could see the friendly Based the knight (sheltered), 2 yaks and 2 bullfrogs.

Vanquished Creatures
  A vampire (D:6)
  Edmund (D:4)
  A black bear (D:7)
  An orc warrior (D:8)
  A centaur (D:6)
  A phantom (D:5)
  3 scorpions
  2 killer bees (D:7)
  A howler monkey (D:7)
  An orc priest (D:8)
  A jelly (D:4)
  An iguana (D:4)
  2 gnolls
  5 adders
  2 white imps (D:6)
  An ufetubus (D:6)
  3 worms
  2 dart slugs
  6 orcs
  5 endoplasms
  A giant cockroach (D:4)
  11 goblins
  6 hobgoblins
  5 jackals
  3 quokkas
  12 ball pythons
  3 bats
  5 frilled lizards
  6 kobolds
  9 rats
102 creatures vanquished.

Vanquished Creatures (collateral kills)
  A two-headed ogre (D:7)
  6 yaks (D:8)
  2 water moccasins
  A sky beast (D:7)
  A black bear (D:7)
  An ogre (D:4)
  A centaur (D:8)
  A phantom (D:5)
  3 bullfrogs
  A gnoll sergeant (D:7)
  A scorpion (D:4)
  5 wights (D:8)
  8 killer bees (D:7)
  2 howler monkeys (D:7)
  3 lava snakes (D:8)
  5 jellies
  An orc priest (D:6)
  Crazy Yiuf (D:7)
  A gnoll bouda (D:7)
  4 orc wizards
  9 gnolls
  3 adders
  A shadow imp (D:8)
  A white imp (D:5)
  A worm (D:3)
  A dart slug (D:4)
  13 orcs
  3 hobgoblins
  2 jackals (D:4)
  A kobold (D:3)
84 creatures vanquished.

Vanquished Creatures (others)
  A yak (Lair:1)
  A dancing weapon (D:7)
  2 knights
  3 ancestors
  4 fungi (D:8)
  6 plants
17 creatures vanquished.

Grand Total: 203 creatures vanquished

Notes
Turn   | Place    | Note
-------+----------+-------------------------------------------
     0 | D:1      | drpainis the Spriggan Enchanter began the quest for the
                  | Orb.
     0 | D:1      | Reached XP level 1. HP: 9/9 MP: 5/5
   329 | D:1      | Reached XP level 2. HP: 13/13 MP: 6/6
   336 | D:1      | Learned a level 2 spell: Ensorcelled Hibernation
   475 | D:1      | Reached skill level 5 in Stealth
  1683 | D:2      | Reached XP level 3. HP: 14/14 MP: 8/8
  1687 | D:2      | Learned a level 3 spell: Confusing Touch
  1691 | D:2      | Learned a level 3 spell: Tukima's Dance
  2536 | D:2      | Found a glowing golden altar of the Shining One.
  2713 | D:2      | Found a faded altar of an unknown god.
  2763 | D:2      | Prayed at the altar of an unknown god.
  2763 | D:2      | Became a worshipper of Hepliaklqana the Forgotten
  2763 | D:2      | Reached * piety under Hepliaklqana
  3283 | D:3      | Reached XP level 4. HP: 18/18 MP: 9/9
  4220 | D:3      | Reached skill level 6 in Stealth
  4986 | D:4      | Noticed a scorpion
  4991 | D:4      | Killed a scorpion
  4992 | D:4      | Reached XP level 5. HP: 22/22 MP: 7/11
  5108 | D:4      | Noticed an ogre
  5120 | D:4      | Killed an ogre
  5121 | D:4      | Reached skill level 7 in Stealth
  5275 | D:4      | Reached ** piety under Hepliaklqana
  5280 | D:4      | Reached XP level 6. HP: 26/26 MP: 12/12
  6030 | D:4      | Noticed Edmund
  6056 | D:4      | Killed Edmund
  6057 | D:4      | Reached skill level 1 in Fighting
  6057 | D:4      | Reached skill level 8 in Stealth
  6129 | D:4      | Reached XP level 7. HP: 29/29 MP: 8/14
  6168 | D:4      | Remembered your ancestor Based as a knight
  7340 | D:4      | You fall into a shaft and drop 1 floor!
  7340 | D:5      | Entered Level 5 of the Dungeon
  7340 | D:5      | Found a broken altar of Ashenzari.
  7354 | D:5      | Saw a vision of the Shoals and the Snake Pit.
  7354 | D:5      | Noticed a mana viper
  7354 | D:5      | Noticed a guardian serpent
  7354 | D:5      | Noticed a black mamba
  7354 | D:5      | Noticed a naga warrior
  7354 | D:5      | Noticed a black mamba
  7354 | D:5      | Noticed a merfolk impaler
  7354 | D:5      | Noticed a merfolk
  7354 | D:5      | Noticed a water nymph
  7354 | D:5      | Noticed a manticore
  7354 | D:5      | Noticed a wind drake
  7354 | D:5      | Noticed a merfolk
  7355 | D:5      | Noticed a black mamba
  7355 | D:5      | Noticed a harpy
  7444 | D:5      | Found a sacrificial altar of Ru.
  7446 | D:5      | Found a stormy altar of Qazlal.
  7521 | D:5      | Reached skill level 1 in Ice Magic
  8018 | D:5      | Reached skill level 9 in Stealth
  8018 | D:5      | Reached skill level 5 in Hexes
  8091 | D:5      | Reached *** piety under Hepliaklqana
  8800 | D:6      | Reached skill level 5 in Spellcasting
  8986 | D:6      | Reached XP level 8. HP: 28/33 MP: 11/16
  9517 | D:6      | Learned a level 3 spell: Dazzling Flash
  9544 | D:6      | Reached skill level 10 in Stealth
 10991 | D:7      | Noticed a two-headed ogre
 11003 | D:7      | Reached skill level 11 in Stealth
 11156 | D:7      | Killed a two-headed ogre
 11157 | D:7      | Reached XP level 9. HP: 37/37 MP: 0/21
 11662 | D:7      | Found a staircase to the Ecumenical Temple.
 11668 | D:7      | Identified the +4 ring mail of Hedging {rElec rC+ MP-9
                  | Int+4}
 11726 | D:7      | Found a runed translucent door.
 11727 | D:7      | Noticed Crazy Yiuf
 11813 | D:7      | Reached **** piety under Hepliaklqana
 12394 | D:7      | Found an ornate altar of the Wu Jian Council.
 13182 | D:7      | Found Narux's Jewellery Emporium.
 13328 | D:7      | Killed Crazy Yiuf
 14084 | D:8      | Learned a level 3 spell: Summon Guardian Golem
 14088 | D:8      | Learned a level 3 spell: Call Canine Familiar
 14315 | D:8      | Found Xosorch's Book Boutique.
 14627 | D:8      | Reached skill level 1 in Summonings
 15398 | D:8      | Bought Great Wizards, Vol. VII for 300 gold pieces
 15859 | D:8      | Found a staircase to the Lair.
 16035 | D:8      | Reached XP level 10. HP: 41/41 MP: 22/24
 16059 | D:8      | Reached skill level 10 in Spellcasting
 16075 | D:8      | Reached skill level 1 in Conjurations
 16917 | D:8      | Found Foaga's Book Shop.
 17093 | D:8      | Found a radiant altar of Vehumet.
 17096 | D:8      | Found a basalt altar of Yredelemnul.
 17096 | D:8      | Found a blossoming altar of Fedhas.
 17098 | D:8      | Found a shimmering altar of Xom.
 17098 | D:8      | Found a sparkling altar of Nemelex Xobeh.
 17098 | D:8      | Found a radiant altar of Vehumet.
 17515 | Lair:1   | Entered Level 1 of the Lair of Beasts
 17563 | Lair:1   | Engulfed by their own flame

Illustrated notes

Levels and vault maps discovered:
D:1:      amcnicky_arrival_wind_blow, layout_basic, minmay_misc_feat_enclosed,
          st_stairs_10, serial_park_tiny_pond
D:2:      layout_loops_ring, basic_altar, serial_co_window_serial,
          co_window_paths_a, co_window_corner_a, co_window_corner_a,
          co_window_corner_a, co_window_corner_a, co_window_paths_b,
          co_window_of_opportunity_a, co_window_corner_cb, co_window_broadway_a,
          co_window_2corner, glass_columns_a, glass_columns_b, glass_columns_a,
          basic_ecumenical_altar, small_statue_intersection,
          minmay_indecisive_spiral
D:3:      layout_loops_ring
D:4:      layout_loops_corners, uniq_edmund
D:5:      layout_loops_ring, grunt_ashenzari_visionary
          [grunt_ashenzari_visionary_shoals, grunt_ashenzari_visionary_snake],
          mainiacjoe_overflow_catwalk_spiral, abandoned_shop
D:6:      layout_basic, minmay_misc_feat_more_columns
D:7:      layout_basic, nicolae_wu_jian_immortal_techniques,
          minmay_temple_entry_hall, serial_shops, nicolae_lakefront_shop,
          hangedman_glass_teeth, hangedman_abyss_or_decor_stabs,
          uniq_crazy_yiuf_cottage
D:8:      layout_cave_pools, doesnt_xom_only_xom, dpeg_oklobed_lair,
          serial_shops, shop, nicolae_inconvenience_store
Lair:1:   layout_regular_city, gammafunk_ghost_icy

Skill      XL: |  1  2  3  4  5  6  7  8  9 10 |
---------------+-------------------------------+-----
Spellcasting   | 3 4 5 7 9 10 | 10.4
Stealth        | 5 6 7 8 9 11 | 11.8
Dodging        | 3 4 |  4.5
Short Blades   | 2 3 4 |  4.8
Hexes          | 4 5 7 |  7.9
Fighting       | 1 |  1.9
Ice Magic      | 1 2 4 |  4.1
Summonings     | 1 2 |  2.4
Conjurations   | 1 |  1.0

Action                   |  1- 3 |  4- 6 |  7- 9 | 10-12 || total
-------------------------+-------+-------+-------+-------++-------
Melee: Dagger            |   121 |    73 |    61 |     1 ||   256
       Punch             |     1 |     1 |     1 |       ||     3
 Cast: Ensorcelled Hiber |     4 |    15 |    43 |     3 ||    65
       Confusing Touch   |       |     2 |     3 |       ||     5
       Tukima's Dance    |       |     2 |    17 |     1 ||    20
       Summon Guardian G |       |       |     8 |     4 ||    12
       Call Canine Famil |       |       |     5 |     3 ||     8
       Dazzling Flash    |       |       |     3 |     6 ||     9
Invok: Recall Ancestor   |     1 |     6 |    23 |     1 ||    31
       Ancestor Identity |     1 |     1 |       |       ||     2
       Ancestor Life: Kn |       |       |     1 |       ||     1
  Use: Scroll            |       |       |       |     4 ||     4
       Potion            |       |       |       |     1 ||     1
 Stab: Sleeping          |    14 |    16 |    10 |     1 ||    41
       Confused          |       |     2 |     2 |       ||     4
       Distracted        |       |     2 |       |       ||     2
Armor: Robe              |    16 |     6 |     2 |       ||    24
Dodge: Dodged            |    76 |    45 |    54 |     2 ||   177

Table legend: (Time is in decaauts)
 A = Elapsed time spent in this place.
 B = Non-inter-level travel time spent in this place.
 C = Inter-level travel time spent in this place.
 D = Time resting spent in this place.
 E = Time spent auto-exploring this place.
 F = Levels seen in this place.
 G = Mean time per level.
                   A        B        C        D        E       F      G
               +--------+--------+--------+--------+--------+-----+--------+
         Total |  14971 |  14840 |    131 |   9367 |   3588 |   9 | 1663.4 |
       Dungeon |  14936 |  14805 |    131 |   9367 |   3588 |   8 | 1867.0 |
          Lair |     34 |     34 |      0 |      0 |      0 |   1 |   34.0 |
               +--------+--------+--------+--------+--------+-----+--------+

Top non-repeatable levels by time:
     D:7: 3312 daAuts
     D:8: 3006 daAuts
     D:4: 2404 daAuts
     D:3: 1679 daAuts
     D:6: 1469 daAuts
     D:2: 1235 daAuts
     D:1: 1081 daAuts
     D:5: 747 daAuts
  Lair:1: 34 daAuts
